 Seeded DCSS version 0.27-a0-1188-g73eefd5def (webtiles) character file.

Game seed: 16286529635872454380 (custom seed)

246 Shayle the Skirmisher (level 5, -5/43 HPs)
             Began as a Demonspawn Warper on May 20, 2021.
             Slain by an ogre
             ... wielding a +0 giant club
              (12 damage)
             ... on level 4 of the Dungeon.
             The game lasted 00:06:31 (4392 turns).

Shayle the Skirmisher (Demonspawn Warper)           Turns: 4392, Time: 00:06:32

Health: -5/43      AC:  3    Str: 11    XL:     5   Next: 84%
Magic:  8/8        EV: 11    Int: 14    God:
Gold:   1049       SH:  0    Dex: 16    Spells: 8/8 levels left

rFire    . . .     SeeInvis .   j - +0 lajatang
rCold    . . .     Faith    .   (shield currently unavailable)
rNeg     . . .     Spirit   .   b - +0 leather armour
rPois    .         Reflect  .   (no helmet)
rElec    .         Harm     .   (no cloak)
rCorr    .         Rampage  .   (no gloves)
Will     .....                  (no boots)
Stlth    +++.......             (no amulet)
HPRegen  0.14/turn              (no ring)
MPRegen  0.11/turn              (no ring)

@: no status effects
A: hooves 1, thin skeletal structure 1
a: no special abilities


You were on level 4 of the Dungeon.
You visited 1 branch of the dungeon, and saw 4 of its levels.

You collected 1049 gold pieces.

Inventory:

Hand Weapons
 a - a +0 falchion
 j - a +0 lajatang (weapon)
Missiles
 h - 25 poisoned darts (quivered)
 l - 5 curare-tipped darts
Armour
 b - a +0 leather armour (worn)
Jewellery
 c - a ring of resist corrosion
Scrolls
 d - a scroll of blinking
 g - a scroll of teleportation {unknown}
 i - 2 scrolls of identify
Potions
 e - a potion of cancellation {unknown}
 f - a potion of mutation


   Skills:
 + Level 4.5 Fighting
 - Level 3.9 Long Blades
 - Level 0.8 Throwing
 - Level 0.8 Armour
 - Level 1.7 Dodging
 + Level 1.1 Stealth
 - Level 2.0 Spellcasting
 - Level 2.6 Translocations


You had 8 spell levels left.
You didn't know any spells.
Your spell library contained the following spells:

 Spells                   Type           Power      Damage    Failure   Level
 Apportation              Tloc           16%        N/A       11%         1
 Blink                    Tloc           N/A        N/A       16%         2
 Animate Skeleton         Necr           2%         N/A       30%         1
 Corona                   Hex            1%         N/A       30%         1
 Summon Small Mammal      Summ           4%         N/A       30%         1
 Gell's Gravitas          Tloc           4%         N/A       30%         3
 Lesser Beckoning         Tloc           4%         N/A       30%         3
 Teleport Other           Tloc           8%         N/A       30%         3
 Manifold Assault         Tloc           8%         N/A       96%         5


Dungeon Overview and Level Annotations

Branches:
Dungeon (4/15)
 Temple: D:4-7

Altars:

Annotations:
D:3 Terence


Innate Abilities, Weirdness & Mutations

You have large cloven feet.
You have a somewhat thin skeletal structure. (Dex +2, Stealth+)


Message History

There is a stone staircase leading up here.
An iguana is nearby!
The iguana hisses angrily.
A quokka comes into view.
The iguana closely misses you.
You climb upwards.
Level annotation: Terence
There is a stone staircase leading down, spattered with blood here.
You slash the iguana! You kick the iguana, but do no damage.
The iguana is almost dead.
The iguana bites you! x2
* * * LOW HITPOINT WARNING * * *
You hit the iguana.
You kill the iguana!
Your Stealth skill increases to level 1!
Things that are here:
a +0 flail; an iguana corpse You start resting.
A gnoll is nearby!
There is a stone staircase leading down, spattered with blood here.
You climb downwards.
The quokka bites you. The quokka closely misses you.
There is a stone staircase leading up here.
You slash the quokka!
You kill the quokka!
An ogre comes into view. It is wielding a +0 giant club.
The ogre shouts!
You slash the ogre! You kick the ogre.
The ogre is moderately wounded.
The ogre hits you with a +0 giant club!!
You barely miss the ogre. You kick the ogre, but do no damage.
The ogre is moderately wounded.
The ogre hits you with a +0 giant club.
You hit the ogre but do no damage. You kick the ogre.
The ogre is heavily wounded.
The ogre hits you with a +0 giant club!
* * * LOW HITPOINT WARNING * * *
You hit the ogre.
The ogre is heavily wounded.
The ogre hits you with a +0 giant club!
You die...

### #.# ........###.##
....###.#####(.......(#..#
........................##
......................###
.........<)...........#
......................#
......................#
......................#
###
............@O........#
#.#
g..................)..#
#.# .....................#
#.#
..#########.........###.#
.. #######'#.....###
#........(.......
#...............#
#.......>........
########+##..##..


You could see an ogre.

Vanquished Creatures
  A scorpion (D:4)
  An orc priest (D:3)
  A bullfrog skeleton (D:4)
  An iguana (D:3)
  2 gnolls
  An adder skeleton (D:4)
  3 worms (D:2)
  4 orcs
  13 ball pythons
  6 endoplasms
  5 giant cockroaches
  6 goblins
  4 hobgoblins
  2 jackals (D:1)
  3 quokkas
  3 frilled lizards
  6 kobolds
  3 rats
65 creatures vanquished.

Vanquished Creatures (others)
  A ball python (D:1)
1 creature vanquished.

Grand Total: 66 creatures vanquished

Notes
Turn   | Place    | Note
-------+----------+-------------------------------------------
     0 | D:1      | Shayle the Demonspawn Warper began the quest for the Orb.
     0 | D:1      | Reached XP level 1. HP: 16/16 MP: 3/3
   256 | D:1      | Gained mutation: You have a somewhat thin skeletal
                  | structure. (Dex +2, Stealth+) [demonic ancestry]
   256 | D:1      | Reached XP level 2. HP: 20/23 MP: 5/5
   838 | D:1      | Found a faded altar of an unknown god.
  1477 | D:2      | Gained mutation: You have large cloven feet. [demonic
                  | ancestry]
  1477 | D:2      | Reached XP level 3. HP: 16/28 MP: 6/6
  1685 | D:2      | Reached skill level 3 in Fighting
  2996 | D:3      | Identified a scroll of acquirement
  2996 | D:3      | Acquired 926 gold pieces
  3021 | D:3      | Reached XP level 4. HP: 31/35 MP: 7/7
  3631 | D:3      | Noticed Terence
  3792 | D:4      | Reached XP level 5. HP: 30/42 MP: 8/8
  3811 | D:4      | Reached skill level 4 in Fighting
  4187 | D:3      | Reached skill level 1 in Stealth
  4385 | D:4      | Noticed an ogre
  4392 | D:4      | Slain by an ogre

Illustrated notes

Levels and vault maps discovered:
D:1:      minmay_arrival_five_plusses, layout_loops_ring,
          chequers_ecumenical_altar_twisty, grunt_decor_mini_mirrors,
          lemuel_flame_loot_1
D:2:      layout_basic
D:3:      wad_pebble_path, layout_loops_ring, uniq_robin, uniq_terence
D:4:      layout_basic, tso_altar, serial_shops, shop_statue,
          minmay_misc_feat_hallway

Skill      XL: |  1  2  3  4  5 |
---------------+----------------+-----
Long Blades    | 2 3 |  3.9
Fighting       | 3 4 |  4.5
Stealth        | 1 |  1.1
Throwing       | |  0.8
Armour         | |  0.8
Dodging        | |  1.7
Spellcasting   | |  2.0
Translocations | |  2.6

Action                   |  1- 3 |  4- 6 || total
-------------------------+-------+-------++-------
Melee: Falchion          |   147 |    23 ||   170
       Kick              |    23 |    15 ||    38
       Lajatang          |       |    31 ||    31
Throw: Boomerang         |     5 |       ||     5
       Dart              |     1 |       ||     1
  Use: Scroll            |     5 |       ||     5
       Potion            |       |     1 ||     1
 Stab: Sleeping          |     3 |       ||     3
       Invisible         |       |     1 ||     1
Armor: Leather armour    |    41 |     6 ||    47
Dodge: Dodged            |    99 |    30 ||   129
       Rpst.: Falchion   |    23 |     3 ||    26

Table legend: (Time is in decaauts)
 A = Elapsed time spent in this place.
 B = Non-inter-level travel time spent in this place.
 C = Inter-level travel time spent in this place.
 D = Time resting spent in this place.
 E = Time spent auto-exploring this place.
 F = Levels seen in this place.
 G = Mean time per level.
                   A        B        C        D        E       F      G
               +--------+--------+--------+--------+--------+-----+--------+
         Total |   4435 |   4385 |     50 |   1698 |   1732 |   4 | 1108.8 |
       Dungeon |   4435 |   4385 |     50 |   1698 |   1732 |   4 | 1108.8 |
               +--------+--------+--------+--------+--------+-----+--------+

Top non-repeatable levels by time:
     D:2: 1918 daAuts
     D:1: 1099 daAuts
     D:3: 857 daAuts
     D:4: 559 daAuts
